 Dungeon Crawl Stone Soup version 0.21.1-1-g345015f (webtiles) character file.

166 prawnwizard the Ducker (level 5, -1/36 HPs)
             Began as an Octopode Fighter on July 4, 2018.
             Slain by prawnwizard's ghost (10 damage)
             ... on level 3 of the Dungeon.
             The game lasted 00:02:50 (2489 turns).

prawnwizard the Ducker (Octopode Fighter)           Turns: 2489, Time: 00:02:51

Health: -1/36      AC:  1    Str: 15    XL:     5   Next: 47%
Magic:  5/5        EV: 15    Int: 10    God:
Gold:   147        SH:  0    Dex: 13    Spells: 4/4 levels left

rFire    . . .     SeeInvis .     - Unarmed
rCold    . . .     Gourm    .   (no shield)
rNeg     . . .     Faith    .   (helmet restricted)
rPois    .         Spirit   .   (no amulet)
rElec    .         Reflect  .   (no ring)
rCorr    .         Harm     .   (no ring)
MR       .....                  (no ring)
Stlth    ++........             (no ring)
HPRegen  0.12/turn              (no ring)
MPRegen  0.09/turn              (no ring)
                                (no ring)
                                (no ring)

@: no status effects
A: almost no armour, stealthy swim, amphibious, 8 rings, constrict 8, camouflage
1, gelatinous body 1
a: no special abilities


You were on level 3 of the Dungeon.
You were not hungry.

You visited 1 branch of the dungeon, and saw 3 of its levels.

You collected 147 gold pieces.

Inventory:

Jewellery
 d - a cursed +2 amulet of reflection {unknown}
Scrolls
 a - a scroll of teleportation {unknown}
 e - a scroll of enchant armour {unknown}
 g - 5 scrolls of remove curse {unknown}
 h - a scroll of amnesia {unknown}
 i - a scroll of magic mapping {unknown}
 j - 4 scrolls of identify {unknown}
Potions
 b - a potion of might
 k - a potion of degeneration {unknown}
 l - a potion of agility {unknown}
 m - a potion of invisibility {unknown}
Comestibles
 c - 4 rations
 f - 2 chunks of flesh


   Skills:
 - Level 3.2 Fighting
 + Level 4.2 Dodging
 - Level 0.2 Stealth
   Level 3.1 Shields
 * Level 4.2 Unarmed Combat


You had 4 spell levels left.
You didn't know any spells.

Dungeon Overview and Level Annotations

Branches:
Dungeon (3/15)

Altars:

Annotations:
D:3 prawnwizard's ghost, amateur OpFi


Innate Abilities, Weirdness & Mutations

You cannot wear most types of armour.
You are very stealthy in the water. (Stealth+)
You are amphibious.
You can wear up to eight rings at the same time.
You can use your tentacles to constrict eight enemies at once.
Your skin changes colour to match your surroundings (Stealth+).
Your rubbery body absorbs attacks. (AC +1, EV +1)


Message History

Prawnwizard's ghost is almost destroyed.
The bat closely misses you. x3; The frilled lizard closely misses you.
You miss prawnwizard's ghost.
Prawnwizard's ghost is almost destroyed.
The bat barely misses you. The bat hits you.
Prawnwizard's ghost closely misses you. The frilled lizard bites you.
You tentacle-slap prawnwizard's ghost.
Your squeeze misses prawnwizard's ghost.
Prawnwizard's ghost is almost destroyed.
The bat closely misses you. The bat barely misses you.
Prawnwizard's ghost hits you.
* * * LOW HITPOINT WARNING * * *
The frilled lizard closely misses you.
You miss prawnwizard's ghost.
Your squeeze misses prawnwizard's ghost.
Prawnwizard's ghost is almost destroyed.
The bat hits you.
* * * LOW HITPOINT WARNING * * *
The bat closely misses you. The bat misses you. Prawnwizard's ghost hits you!
You die...

#.##.#########...........
#..#.# #...........
##.#.# #........... #.#.#
#...........
#.#.#########...........
#..........##...........
#..........##...........
#..........##.Wl......
#.#.#########.@b......
#.#.#########b........
#.#.#..........$..#.#.
#.#.#.###########.#
#.#.#.#.......# .#
#.#.#.#.#####.# #
#.#.#.#.# #.# #.#.#.#.#
#.# #.#.#.#.# #.#


You could see prawnwizard's ghost, 2 bats and a frilled lizard.

Vanquished Creatures
  Natasha (twice) (D:3)
  5 adders (D:2)
  A shadow imp (D:3)
  5 worms
  A leopard gecko (D:1)
  5 giant cockroaches
  4 goblins
  5 hobgoblins
  3 jackals (D:2)
  A ball python (D:2)
  5 bats
  3 frilled lizards
  4 kobolds
  9 rats
53 creatures vanquished.

Notes
Turn   | Place    | Note
-------+----------+-------------------------------------------
     0 | D:1      | prawnwizard the Octopode Fighter began the quest for the Orb.
     0 | D:1      | Reached XP level 1. HP: 16/16 MP: 1/1
   148 | D:1      | Reached XP level 2. HP: 20/21 MP: 2/2
   763 | D:2      | Reached XP level 3. HP: 15/26 MP: 3/3
  1072 | D:2      | Reached XP level 4. HP: 16/31 MP: 4/4
  1958 | D:3      | Noticed Natasha
  1966 | D:3      | Killed Natasha
  1966 | D:3      | Reached XP level 5. HP: 6/36 MP: 5/5
  2255 | D:3      | Noticed Natasha
  2263 | D:3      | Killed Natasha
  2472 | D:3      | Noticed prawnwizard's ghost (amateur OpFi)
  2489 | D:3      | Slain by prawnwizard's ghost

Skill      XL: |  1  2  3  4  5 |
---------------+----------------+-----
Unarmed Combat | 3 4 |  4.2
Dodging        | 4 |  4.2
Fighting       | |  3.2
Stealth        | |  0.2
Shields        | |  3.1

Action                   |  1- 3 |  4- 6 || total
-------------------------+-------+-------++-------
Melee: Unarmed           |    61 |    78 ||   139
       Constrict         |    19 |    18 ||    37
       Tentacles         |    14 |    14 ||    28
       Punch             |       |     2 ||     2
 Stab: Sleeping          |     4 |     1 ||     5
       Distracted        |       |     1 ||     1
  Eat: Chunk             |       |     5 ||     5
Armor: Skin              |    11 |     5 ||    16
Dodge: Dodged            |    34 |    57 ||    91
Block: Shield            |     3 |       ||     3
